 Dungeon Crawl Stone Soup version 0.24.0-13-gcf9b3192b9 (console) character file.

Game seed: 4178282745464655087, levelgen mode: deterministic

114 AlterAsc the Changer (level 4, -1/35 HPs)
             Began as a Draconian Transmuter on Nov 7, 2019.
             Was a Follower of Cheibriados.
             Killed from afar by an orc wizard (7 damage)
             ... with a magic dart
             ... on level 3 of the Dungeon.
             The game lasted 00:06:00 (1741 turns).

AlterAsc the Changer (Draconian Transmuter)         Turns: 1741, Time: 00:06:00

Health: -1/35      AC:  5    Str: 15    XL:     4   Next: 67%
Magic:  8/8        EV: 12    Int: 16    God:    Cheibriados [*.....]
Gold:   106        SH:  0    Dex: 13    Spells: 6/9 levels left

rFire    . . .     SeeInvis .     - Unarmed
rCold    . . .     Gourm    .   (no shield)
rNeg     . . .     Faith    .   (armour unavailable)
rPois    .         Spirit   .   (helmet restricted)
rElec    .         Reflect  .   (no cloak)
rCorr    .         Harm     .   (no gloves)
MR       .....                  (no boots)
Stlth    +.........             (no amulet)
HPRegen  0.11/turn              (no ring)
MPRegen  0.11/turn              (no ring)

@: slowed, very slow
A: unfitting armour, cold-blooded, AC +5
a: Bend Time, Renounce Religion


You were on level 3 of the Dungeon.
You worshipped Cheibriados.
Cheibriados was aware of your devotion.
You were hungry.

You visited 1 branch of the dungeon, and saw 3 of its levels.

You collected 106 gold pieces.

Inventory:

Hand Weapons
 d - a cursed -1 hunting sling
Missiles
 a - 76 arrows
Scrolls
 j - 5 scrolls of teleportation {unknown}
 k - a scroll of remove curse {unknown}
 m - 2 scrolls of identify {unknown}
 n - a scroll of blinking {unknown}
 o - a scroll of immolation {unknown}
 q - a scroll of amnesia {unknown}
 r - a scroll of magic mapping {unknown}
Potions
 b - 2 potions of degeneration {unknown}
 e - a potion of resistance {unknown}
 g - 3 potions of flight {unknown}
 h - a potion of curing {unknown}
 i - a potion of might {unknown}
 l - a potion of brilliance {unknown}
 p - a potion of mutation {unknown}
Comestibles
 c - 2 rations
 f - 8 chunks of flesh


   Skills:
 - Level 1.1 Fighting
 - Level 1.7 Dodging
 - Level 3.0 Unarmed Combat
 + Level 3.0 Spellcasting
 * Level 4.2 Transmutations


You had 6 spell levels left.
You knew the following spells:

 Your Spells              Type           Power        Failure   Level  Hunger
a - Beastly Appendage     Tmut           ###...       3%          1    #......
b - Sticks to Snakes      Tmut           ###.....     4%          2    ##.....

Your spell library contained the following spells:

 Spells                   Type           Power        Failure   Level  Hunger
 Spider Form              Tmut/Pois      #.........   24%         3    ###....
 Ice Form                 Ice/Tmut       #.......     61%         4    #####..
 Blade Hands              Tmut           ###.......   65%         5    ######.


Dungeon Overview and Level Annotations

Branches:
Dungeon (3/15)

Altars:
Cheibriados
Ru


Innate Abilities, Weirdness & Mutations

Your plain brown scales are hard. (AC +5)
You cannot fit into any form of body armour.
You are cold-blooded and may be slowed by cold attacks.


Message History

The orc wizard barely misses you. x2
You hit the orc wizard but do no damage.
The orc wizard is almost dead.
The orc wizard hits you but does no damage. x2
You hit the orc wizard but do no damage.
The orc wizard is almost dead.
The orc wizard casts a spell.
The orc wizard blinks!
The orc wizard gestures at you while chanting.
The magic dart hits you!
* * * LOW HITPOINT WARNING * * *
The orc wizard barely misses you. The orc wizard closely misses you.
You closely miss the orc wizard.
The orc wizard is almost dead.
The orc wizard points at you and mumbles some strange words.
The magic dart hits you.
* * * LOW HITPOINT WARNING * * *
The orc wizard points at you and mumbles some strange words.
The magic dart hits you!
You die...

# .. #. # #. #. ###.
#.##.####.##.. .
#......# ...# .##
#....o@###.# #.# #.#
#..........## #.# # ..#
#...........####.# .#
###
#...........##...###..#
#................)....#
#.##.##.....#....####.#
...... #.....#.#)##
##.### #######.#.##
#....#


You could see an orc wizard.

Vanquished Creatures
  5 adders
  An ooze (D:1)
  A dart slug (D:2)
  A leopard gecko (D:2)
  5 orcs (D:3)
  A goblin (D:3)
  3 hobgoblins
  8 kobolds
  A quokka (D:2)
  A ball python (D:1)
  5 bats
  7 frilled lizards
  3 rats
42 creatures vanquished.

Vanquished Creatures (collateral kills)
  An orc wizard (D:3)
  2 orcs (D:3)
  A hobgoblin (D:3)
4 creatures vanquished.

Grand Total: 46 creatures vanquished

Notes
Turn   | Place    | Note
-------+----------+-------------------------------------------
     0 | D:1      | AlterAsc the Draconian Transmuter began the quest for the
                  | Orb.
     0 | D:1      | Reached XP level 1. HP: 16/16 MP: 3/3
   233 | D:1      | Reached XP level 2. HP: 23/23 MP: 3/5
   237 | D:1      | Learned a level 2 spell: Sticks to Snakes
   574 | D:2      | Reached skill level 3 in Transmutations
   574 | D:2      | Reached XP level 3. HP: 12/28 MP: 6/6
  1132 | D:2      | Found a sacrificial altar of Ru.
  1153 | D:2      | Found a snail-covered altar of Cheibriados.
  1207 | D:2      | Became a worshipper of Cheibriados the Contemplative
  1521 | D:3      | Reached XP level 4. HP: 32/35 MP: 3/8
  1531 | D:3      | Reached skill level 4 in Transmutations
  1677 | D:3      | Reached * piety under Cheibriados
  1741 | D:3      | Killed from afar by an orc wizard

Levels and vault maps discovered:
D:1:      lightli_arrival_chessboard, layout_rooms
D:2:      layout_basic, overflow_temple_1_default, cheibriados_altar_1
D:3:      layout_loops_ring, grunt_temple_overflow_holy_war, uniq_terence

Skill      XL: |  1  2  3  4 |
---------------+-------------+-----
Transmutations | 3 4 |  4.2
Spellcasting   | 3 |  3.0
Fighting       | |  1.1
Dodging        | |  1.7
Unarmed Combat | |  3.0

Action                   |  1- 3 |  4- 6 || total
-------------------------+-------+-------++-------
Melee: Unarmed           |   109 |    76 ||   185
       Tailslap          |    10 |     6 ||    16
       Kick              |     9 |     3 ||    12
       Headbutt          |     4 |     2 ||     6
 Cast: Beastly Appendage |    20 |     5 ||    25
       Sticks to Snakes  |     2 |     2 ||     4
 Stab: Sleeping          |       |     1 ||     1
  Eat: Chunk             |     2 |     1 ||     3
Armor: Skin              |    36 |    27 ||    63
Dodge: Dodged            |    74 |    69 ||   143
